 Dungeon Crawl Stone Soup version 0.24.0-13-gcf9b3192b9 (webtiles) character file.

Game seed: 13802194085574329571, levelgen mode: deterministic

4755 Peloso the Carver (level 10, 0/86 HPs)
             Began as a Minotaur Fighter on Nov 7, 2019.
             Was an Elder of Okawaru.
             Killed from afar by Harold (12 damage)
             ... with a harpoon shot
             ... on level 10 of the Dungeon.
             The game lasted 00:17:03 (7216 turns).

Peloso the Carver (Minotaur Fighter)                Turns: 7216, Time: 00:17:04

Health: 0/86       AC: 12    Str: 22    XL:     10   Next: 23%
Magic:  9/9        EV:  7    Int:  5    God:    Okawaru [****..]
Gold:   116        SH: 19    Dex: 17    Spells: 9/9 levels left

rFire    + . .     SeeInvis .   a - +0 long sword
rCold    . . .     Gourm    .   c - +2 large shield
rNeg     + . .     Faith    .   i - +0 chain mail
rPois    .         Spirit   .   (helmet restricted)
rElec    .         Reflect  .   k - +0 cloak
rCorr    .         Harm     .   (no gloves)
MR       .....                  (no boots)
Stlth    ..........             (no amulet)
HPRegen  0.24/turn              x - ring of protection from fire
MPRegen  0.11/turn              D - ring "Plog" {rN+ Dex+5}

@: lethally poisoned (0 -> -1), marked
A: retaliatory headbutt, horns 2
a: Heroism, Renounce Religion


You were on level 10 of the Dungeon.
You worshipped Okawaru.
Okawaru was greatly pleased with you.
You were not hungry.

You visited 2 branches of the dungeon, and saw 11 of its levels.

You collected 533 gold pieces.
You spent 417 gold pieces at shops.

Inventory:

Hand Weapons
 a - a +0 long sword (weapon)
 o - a +0 hand axe of flaming
Armour
 b - a +0 scale mail
 c - a +2 large shield (worn)
 i - a +0 chain mail (worn)
 k - a +0 cloak (worn)
Jewellery
 g - an uncursed amulet of rage
 x - a ring of protection from fire (left hand)
 D - the ring "Plog" (right hand) {rN+ Dex+5}
   (You bought it in a shop on level 9 of the Dungeon)

   [ring of dexterity]

   It affects your dexterity (+5).
   It protects you from negative energy.
Wands
 m - a wand of disintegration (25)
 r - a wand of iceblast (5)
 w - a wand of digging (7)
 y - a wand of flame (18)
Scrolls
 e - 2 scrolls of remove curse
 j - 3 scrolls of blinking {unknown}
 l - 4 scrolls of fog {unknown}
 n - 2 scrolls of fear
 s - a scroll of amnesia
 t - a scroll of enchant weapon
 v - 2 scrolls of enchant armour {unknown}
 C - a scroll of holy word {unknown}
Potions
 d - 4 potions of might
 h - a potion of haste
 p - 3 potions of heal wounds
 q - a potion of mutation
 z - a potion of invisibility {unknown}
 A - a potion of flight
 B - a potion of experience {unknown}
 E - 2 potions of brilliance {unknown}
Comestibles
 f - 16 rations
 F - 2 chunks of flesh


   Skills:
 + Level 7.3 Fighting
 + Level 11.3 Long Blades
 + Level 9.0 Armour
 + Level 3.7 Dodging
 + Level 0.7 Stealth
 + Level 9.1 Shields
 + Level 0.3 Evocations


You had 9 spell levels left.
You didn't know any spells.
Your spell library contained the following spells:

 Spells                   Type           Power        Failure   Level  Hunger
 Confusing Touch          Hex            #.....       100%        1    ##.....
 Magic Dart               Conj           #...         100%        1    ##.....
 Searing Ray              Conj           #.....       100%        2    ###....
 Confuse                  Hex            #.......     100%        3    ####...
 Dazzling Spray           Conj/Hex       #.....       100%        3    ####...
 Gell's Gravitas          Tloc           #.........   100%        3    ####...
 Force Lance              Conj/Tloc      #.......     100%        4    #####..
 Fulminant Prism          Conj/Hex       #.........   100%        4    #####..
 Iskenderun's Mystic Bla  Conj           #.......     100%        4    #####..
 Petrify                  Tmut/Erth      #.......     100%        4    #####..
 Bolt of Magma            Conj/Fire/Erth #.........   100%        5    ######.
 Iskenderun's Battlesphe  Conj/Chrm      #.......     100%        5    ######.
 Metabolic Englaciation   Hex/Ice        #.........   100%        5    ######.
 Venom Bolt               Conj/Pois      #.........   100%        5    ######.
 Yara's Violent Unravell  Hex/Tmut       #.........   100%        5    ######.
 Iron Shot                Conj/Erth      #.........   100%        6    #######
 Orb of Destruction       Conj           #.........   100%        7    #######
 Spellforged Servitor     Conj/Summ      #.........   100%        7    #######


Dungeon Overview and Level Annotations

Branches:
Dungeon (10/15)            Temple (1/1) D:5
   Lair: D:8-11         Orc: D:9-12

Altars:
Ashenzari
Cheibriados
Dithmenos
Elyvilon
Gozag
Kikubaaqudgha
Okawaru
Qazlal
Ru
Trog
Wu Jian

Shops:
D:4 !(   D:9 *

Annotations:
D:6 2 runed translucent doors, endorz's ghost, novice GrFi
D:10 Harold


Innate Abilities, Weirdness & Mutations

You reflexively headbutt those who attack you in melee.
You have a pair of horns on your head.


Message History

The mark upon you grows brighter.
You feel sick. Harold casts a spell at you. The harpoon shot hits you.
* * * LOW HITPOINT WARNING * * *
You are yanked forward by the harpoon shot.
You feel sick. Harold gestures at you while chanting.
The mark upon you grows brighter.
You feel sick.
You feel sick.
You feel sick. Harold casts a spell at you. The harpoon shot hits you!
* * * LOW HITPOINT WARNING * * *
You are yanked forward by the harpoon shot.
The gnoll sergeant hits you but does no damage.
Harold points at you and mumbles some strange words.
The harpoon shot hits you!
You die...

##(# #.# ### #(.#
#.### ###.#####g..###
#######....g...g.....
........gg#######..##
#####.g.## ##..#
######### ##@### )..#
........####..###.#
#####
#######....@......#
##...########
#####<.......#
#.....######..
#...<.# #....##
######


You could see Harold, a gnoll sergeant and 3 gnolls.

Vanquished Creatures
  Joseph (D:7)
  A troll (D:8)
  Grinder (D:6)
  Prince Ribbit (D:7)
  6 yaks (D:9)
  A wyvern (D:9)
  A water moccasin (D:6)
  3 ice beasts
  A sky beast (D:6)
  3 ogres
  2 phantoms
  An eye of draining (D:8)
  2 necrophages
  A crocodile (D:8)
  Blork the orc (D:6)
  4 bullfrogs
  A big kobold (D:5)
  A jelly (D:7)
  3 scorpions
  A crimson imp (D:5)
  A howler monkey (D:6)
  A centaur zombie (D:5)
  A quasit (D:9)
  3 hounds
  4 orc priests
  3 bullfrog skeletons
  A centaur skeleton (D:7)
  2 iguanas
  3 orc wizards
  3 worker ants
  A killer bee zombie (D:9)
  A hound zombie (D:8)
  3 hound skeletons
  3 gnolls (D:4)
  A worker ant zombie (D:8)
  11 adders
  A howler monkey skeleton (D:6)
  A shadow imp (D:5)
  An adder skeleton (D:6)
  An adder zombie (D:6)
  A worm (D:3)
  3 dart slugs
  6 leopard geckos
  24 orcs
  2 ball pythons
  3 giant cockroaches
  11 goblins
  9 hobgoblins
  13 jackals
  7 quokkas
  6 bats
  10 frilled lizards
  12 kobolds
  A quokka zombie (D:5)
  10 rats
200 creatures vanquished.

Notes
Turn   | Place    | Note
-------+----------+-------------------------------------------
     0 | D:1      | Peloso the Minotaur Fighter began the quest for the Orb.
     0 | D:1      | Reached XP level 1. HP: 19/19 MP: 0/0
    97 | D:1      | Reached XP level 2. HP: 27/27 MP: 1/1
   779 | D:2      | Found a bloodstained altar of Trog.
   899 | D:2      | Reached XP level 3. HP: 30/33 MP: 2/2
  1132 | D:2      | Reached skill level 3 in Long Blades
  1263 | D:2      | Reached XP level 4. HP: 34/40 MP: 3/3
  1651 | D:3      | Found a sacrificial altar of Ru.
  1709 | D:3      | Reached skill level 1 in Dodging
  1720 | D:3      | Reached XP level 5. HP: 13/47 MP: 4/4
  2081 | D:3      | Reached skill level 4 in Long Blades
  2770 | D:4      | Found a snail-covered altar of Cheibriados.
  2787 | D:4      | Found Kocaz's Antique Weapon Boutique.
  2795 | D:4      | Reached skill level 5 in Long Blades
  2875 | D:4      | Reached XP level 6. HP: 52/53 MP: 5/5
  2934 | D:4      | Reached skill level 5 in Shields
  2965 | D:4      | Found Esseilic's Distillery.
  2972 | D:4      | Bought a potion of mutation for 96 gold pieces
  3358 | D:5      | Entered Level 5 of the Dungeon
  3389 | D:5      | Reached skill level 6 in Long Blades
  3483 | D:5      | Reached XP level 7. HP: 58/60 MP: 6/6
  3575 | D:5      | Found a staircase to the Ecumenical Temple.
  3580 | D:5      | Reached skill level 5 in Armour
  3588 | Temple   | Entered the Ecumenical Temple
  3661 | Temple   | Became a worshipper of Warmaster Okawaru
  3929 | D:6      | Reached skill level 7 in Long Blades
  3967 | D:6      | Noticed Blork the orc
  3980 | D:6      | Killed Blork the orc
  4056 | D:6      | Noticed Grinder
  4065 | D:6      | Paralysed by Grinder for 4 turns
  4087 | D:6      | Paralysed by Grinder for 2 turns
  4090 | D:6      | Killed Grinder
  4090 | D:6      | Reached * piety under Okawaru
  4090 | D:6      | Reached skill level 5 in Fighting
  4090 | D:6      | Reached XP level 8. HP: 53/68 MP: 7/7
  4117 | D:6      | Found a runed translucent door.
  4118 | D:6      | Noticed endorz's ghost (novice GrFi)
  4165 | D:6      | Found a runed translucent door.
  4492 | D:6      | Reached skill level 8 in Long Blades
  4846 | D:7      | Noticed Prince Ribbit
  4862 | D:7      | Killed Prince Ribbit
  4862 | D:7      | Reached ** piety under Okawaru
  4942 | D:7      | Reached XP level 9. HP: 62/75 MP: 8/8
  4958 | D:7      | Noticed Joseph
  4989 | D:7      | Killed Joseph
  4989 | D:7      | Reached skill level 9 in Long Blades
  5661 | D:8      | Reached *** piety under Okawaru
  5801 | D:8      | Reached skill level 10 in Long Blades
  5871 | D:8      | Noticed a troll
  5880 | D:8      | Killed a troll
  6315 | D:9      | Found Siggyhua's Assorted Antiques.
  6323 | D:9      | Bought a flickering marble ring for 120 gold pieces
  6327 | D:9      | Identified the ring "Plog" {rN+ Dex+5} (You bought it in a
                  | shop on level 9 of the Dungeon)
  6344 | D:9      | Bought a glowing large shield for 180 gold pieces
  6349 | D:9      | Bought a dark potion for 21 gold pieces
  6544 | D:9      | Reached **** piety under Okawaru
  6627 | D:9      | Reached XP level 10. HP: 67/86 MP: 9/9
  6631 | D:9      | Reached skill level 11 in Long Blades
  7131 | D:10     | Entered Level 10 of the Dungeon
  7152 | D:10     | Noticed Harold
  7216 | D:10     | Killed from afar by Harold

Levels and vault maps discovered:
D:1:      onia_arrival_mini_spirals, layout_basic
D:2:      layout_loops_ring, bloody_trog
D:3:      layout_basic, nicolae_ru_awakened_eye
D:4:      layout_cave_pools, kennysheep_slug_shrine, serial_shops, shop_statue,
          shop, hangedman_decor_lopped, corexii_leaking_fountain
D:5:      layout_rooms, minmay_temple_entry_proselytizer, first_ration
D:6:      layout_cave_pools, ebering_ghost_sewer_f,
          chequers_serial_rivers_micro_d, uniq_blork_the_orc, uniq_grinder
D:7:      layout_gridville, uniq_prince_ribbit1, uniq_joseph
D:8:      layout_loops_cross
D:9:      layout_small_grid, serial_shops, nicolae_shop_trees
D:10:     layout_rooms, grunt_ogre_cave, uniq_harold
Temple:   roderic_octagonal_lattice_temple

Skill      XL: |  1  2  3  4  5  6  7  8  9 10 |
---------------+-------------------------------+-----
Fighting       | 4 5 6 7 |  7.3
Shields        | 4 5 6 7 8 9 |  9.1
Armour         | 4 5 7 8 9 |  9.0
Long Blades    | 3 5 6 7 8 10 11 | 11.3
Dodging        | 1 2 3 |  3.7
Stealth        | |  0.7
Evocations     | |  0.3

Action                   |  1- 3 |  4- 6 |  7- 9 | 10-12 || total
-------------------------+-------+-------+-------+-------++-------
Melee: Long sword        |   104 |   225 |   350 |    33 ||   712
       Headbutt          |    12 |    30 |    96 |    14 ||   152
Evoke: Wand              |       |       |     2 |       ||     2
  Use: Potion            |     2 |     1 |     5 |     3 ||    11
       Scroll            |       |       |     6 |     1 ||     7
  Eat: Chunk             |     1 |     8 |    10 |     2 ||    21
Armor: Scale mail        |    50 |       |       |       ||    50
       Chain mail        |       |   129 |   133 |    14 ||   276
Dodge: Dodged            |    52 |    60 |    72 |    15 ||   199
Block: Shield            |    71 |   124 |   157 |       ||   352
       Large shield      |       |       |    63 |    43 ||   106
       Rpst.: Long sword |    16 |    13 |    19 |     2 ||    50
